Map: Slaying Fields

Players

Duckstar

  • Race: Protoss Protoss
  • Spawn Location: 11:00

FreddyFun

  • Race: Protoss Protoss
  • Spawn Location: 12:00

Harmonica

  • Race: Zerg Zerg
  • Spawn Location: 9:00

TimeTwist - Winner!

  • Race: Terran Terran
  • Spawn Location: 6:00

dallaskuken - Winner!

  • Race: Protoss Protoss
  • League: Platinum
  • Spawn Location: 5:00

Loken - Winner!

  • Race: Zerg Zerg
  • League: Platinum
  • Spawn Location: 3:00

VOD

Have the link to the VOD?

Description

Time

  • Played on: March 15, 2017, 6:50 p.m.
  • Length: 15:21
Show
View Real Time Build Order
Export as new Build Order

Duckstar Protoss 

Build Orders:  

Get SALT Encoding   

  12  0:03  Probe (Chrono Boost)  
  13  0:20  Pylon  
  13  0:23  Probe (Chrono Boost)  
  14  0:30  Assimilator  
  14  0:41  Gateway  
  14  0:45  Probe (Chrono Boost)  
  15  0:57  Probe (Chrono Boost)  
  16  1:09  Probe (Chrono Boost)  
  17  1:16  Pylon  
  17  1:19  Probe (Chrono Boost)  
  18  1:25  Pylon  
  18  1:30  Probe (Chrono Boost)  
  19  1:40  Probe (Chrono Boost)  
  19  1:41  Cybernetics Core  
  20  1:51  Probe (Chrono Boost)  
  21  1:56  Assimilator  
  21  2:05  Zealot  
  23  2:13  Warp Gate  
  23  2:20  Forge  
  23  2:33  Gateway  
  22  3:06  Photon Cannon  
  21  3:22  Probe (Chrono Boost)  
  22  3:33  Probe (Chrono Boost)  
  23  3:37  Nexus  
  23  3:42  Photon Cannon  
  23  3:43  Stalker  
  23  3:45  Protoss Ground Weapons Level 1  
  25  4:00  Pylon  
  25  4:13  Pylon  
  25  4:22  Probe (Chrono Boost)  
  26  4:27  Gateway  
  26  4:34  Probe (Chrono Boost)  
  26  4:37  Gateway  
  27  4:40  Gateway x2  
  27  4:42  Photon Cannon  
  27  4:54  Stalker  
  29  5:02  Twilight Council  
  29  5:06  Pylon  
  29  5:07  Pylon  
  29  5:15  Pylon  
  29  5:20  Probe (Chrono Boost)  
  31  5:21  Probe (Chrono Boost)  
  31  5:24  Protoss Ground Armor Level 1  
  31  5:31  Probe (Chrono Boost)  
  31  5:34  Probe (Chrono Boost)  
  33  5:37  Stalker  
  33  5:39  Zealot  
  33  5:40  Zealot  
  39  5:45  Probe (Chrono Boost)  
  39  5:46  Probe (Chrono Boost)  
  42  5:58  Probe (Chrono Boost)  
  42  6:04  Stalker  
  42  6:05  Stalker x3  
  50  6:15  Stalker  
  52  6:18  Assimilator  
  52  6:27  Pylon  
  52  6:29  Probe (Chrono Boost)  
  52  6:31  Probe (Chrono Boost)  
  54  6:37  Pylon  
  54  6:39  Stalker  
  56  6:40  Sentry, Pylon  
  56  6:43  Probe (Chrono Boost)  
  59  6:53  Charge  
  59  7:00  Protoss Ground Weapons Level 2  
  59  7:03  Assimilator  
  59  7:07  Probe (Chrono Boost)  
  59  7:08  Probe (Chrono Boost)  
  61  7:20  Probe (Chrono Boost)  
  61  7:22  Sentry  
  64  7:24  Zealot x4  
  73  7:30  Probe (Chrono Boost)  
  73  7:32  Probe (Chrono Boost)  
  74  7:40  Probe (Chrono Boost)  
  75  7:59  Pylon  
  75  8:08  Photon Cannon  
  75  8:14  Photon Cannon  
  75  8:27  Stalker  
  75  8:28  Stalker x4  
  85  9:10  Stalker  
  85  9:11  Stalker x4  
  83  9:43  Stalker x2  
  83  9:44  Stalker x2  
  91  10:00  Protoss Ground Weapons Level 3  
  75  10:47  Stalker x4  
  75  10:48  Sentry  
  85  12:06  Pylon  
  85  12:08  Pylon  
  83  12:37  Protoss Shields Level 1  
  83  12:48  Stalker x2  
  83  12:49  Stalker x2  
  91  13:01  Dark Shrine  
  65  13:23  Stalker x4  
  65  13:24  Stalker  
  43  13:51  Zealot x2  
  43  13:52  Zealot x3  
  44  14:13  Stalker x3  
  44  14:14  Stalker x2  
  52  14:36  Stalker  
  52  14:37  Stalker x4  
  46  15:03  Zealot  
  46  15:05  Zealot  
  46  15:06  Zealot  
  46  15:07  Zealot x3  
Show
View Real Time Build Order
Export as new Build Order

FreddyFun Protoss 

Build Orders:  

Get SALT Encoding   

  12  0:01  Probe (Chrono Boost)  
  13  0:12  Probe (Chrono Boost)  
  14  0:17  Pylon  
  14  0:22  Probe (Chrono Boost)  
  16  0:36  Probe (Chrono Boost)  
  16  0:38  Gateway  
  16  0:46  Probe (Chrono Boost)  
  16  0:48  Assimilator  
  17  0:54  Assimilator  
  18  0:57  Probe (Chrono Boost)  
  18  1:07  Probe (Chrono Boost)  
  19  1:18  Probe (Chrono Boost)  
  20  1:24  Pylon  
  20  1:32  Cybernetics Core  
  20  1:37  Zealot  
  22  1:43  Probe (Chrono Boost)  
  22  1:45  Gateway  
  23  1:53  Probe (Chrono Boost)  
  24  1:57  Warp Gate  
  24  2:04  Pylon  
  24  2:11  Stalker  
  26  2:22  Robotics Facility  
  26  2:34  Stalker  
  28  2:58  Stalker  
  30  3:06  Nexus  
  30  3:16  Probe (Chrono Boost)  
  30  3:17  Observer  
  32  3:22  Pylon  
  32  3:35  Probe (Chrono Boost)  
  33  3:46  Probe (Chrono Boost)  
  38  3:55  Immortal  
  38  3:56  Probe (Chrono Boost)  
  38  4:00  Gateway  
  39  4:07  Probe (Chrono Boost)  
  40  4:11  Robotics Bay  
  40  4:17  Probe (Chrono Boost)  
  40  4:22  Pylon  
  41  4:28  Probe (Chrono Boost)  
  42  4:35  Observer  
  42  4:36  Probe (Chrono Boost)  
  44  4:39  Probe (Chrono Boost)  
  45  4:47  Probe (Chrono Boost)  
  45  4:48  Forge  
  45  4:49  Probe (Chrono Boost)  
  47  4:55  Sentry x2  
  47  4:57  Probe (Chrono Boost)  
  53  5:00  Probe (Chrono Boost)  
  53  5:13  Probe (Chrono Boost)  
  53  5:14  Probe (Chrono Boost)  
  55  5:17  Assimilator  
  55  5:21  Assimilator  
  55  5:22  Protoss Ground Weapons Level 1  
  55  5:24  Probe (Chrono Boost)  
  55  5:25  Photon Cannon  
  56  5:28  Probe (Chrono Boost)  
  56  5:30  Stalker x2  
  61  5:36  Sentry  
  63  6:14  Stalker x2  
  67  6:22  Pylon, Probe (Chrono Boost)  
  67  6:23  Probe (Chrono Boost)  
  67  6:24  Pylon  
  69  6:33  Probe (Chrono Boost), Colossus  
  69  6:38  Extended Thermal Lance  
  70  6:42  Zealot x2  
  70  6:43  Zealot  
  82  6:52  Probe (Chrono Boost)  
  82  6:54  Probe (Chrono Boost)  
  84  7:00  Twilight Council  
  84  7:13  Protoss Ground Armor Level 1  
  84  7:21  Stalker, Nexus  
  84  7:22  Pylon  
  86  7:29  Pylon  
  86  7:34  Pylon, Colossus  
  86  7:37  Assimilator  
  86  7:43  Stalker, Assimilator  
  94  7:49  Zealot x2  
  98  7:53  Pylon  
  98  7:56  Probe (Chrono Boost)  
  98  7:58  Probe (Chrono Boost)  
  100  8:12  Charge  
  100  8:14  Robotics Facility  
  100  8:19  Pylon  
  100  8:21  Pylon  
  100  8:28  Photon Cannon  
  100  8:31  Pylon  
  100  8:38  Probe x2 (Chrono Boost)  
  102  8:49  Protoss Ground Weapons Level 2  
  102  8:52  Photon Cannon, Immortal  
  106  9:05  Immortal  
  106  9:07  Zealot x3  
  116  9:17  Gateway  
  116  9:18  Gateway  
  116  9:21  Gateway  
  116  9:33  Colossus  
  116  9:35  Probe x2 (Chrono Boost)  
  116  9:38  Photon Cannon  
  124  9:46  Immortal  
  124  9:48  Zealot x2  
  124  9:49  Zealot  
  134  10:12  Pylon  
  132  10:15  Nexus  
  113  10:35  Zealot  
  113  10:36  Stalker x2  
  109  10:47  Protoss Ground Armor Level 2  
  109  10:51  Zealot  
  109  10:52  Stalker  
  109  10:53  Stalker  
  97  11:08  Pylon  
  97  11:12  Pylon  
  97  11:18  Pylon  
  97  11:22  Stalker x2  
  97  11:23  Stalker  
  104  11:26  Probe (Chrono Boost)  
  104  11:27  Probe x2 (Chrono Boost)  
  104  11:30  Colossus  
  112  11:35  Blink  
  112  11:39  Probe (Chrono Boost)  
  113  11:41  Photon Cannon  
  113  11:44  Photon Cannon  
  113  11:46  Photon Cannon  
  113  11:48  Photon Cannon  
  113  11:55  Stalker  
  113  11:56  Stalker x3  
  113  11:57  Stalker  
  113  11:58  Stalker  
  123  12:25  Immortal  
  123  12:43  Protoss Ground Weapons Level 3  
  123  12:58  Pylon  
  123  13:01  Pylon  
  123  13:05  Stalker x2  
  125  13:06  Stalker  
  125  13:07  Stalker x2  
  131  13:20  Stalker  
  114  13:34  Colossus  
  114  13:37  Stalker  
  114  13:38  Stalker  
  130  13:46  Pylon  
  130  13:47  Pylon  
  130  13:49  Pylon  
  130  13:52  Pylon  
  130  14:09  Stalker x2  
  134  14:11  Stalker  
  134  14:12  Stalker  
  119  14:32  Stalker x2  
  85  14:49  Stalker  
  85  14:50  Stalker x2  
  85  14:51  Stalker  
Show
View Real Time Build Order
Export as new Build Order

Harmonica Zerg 

Build Orders: Pool First 

Get SALT Encoding   

  12  0:01  Drone  
  13  0:08  Drone  
  14  0:21  Overlord  
  14  0:39  Drone x3  
  17  0:49  Spawning Pool  
  16  0:50  Extractor  
  16  0:51  Drone  
  16  1:03  Drone  
  17  1:13  Drone  
  18  1:29  Overlord  
  18  1:35  Hatchery  
  18  1:36  Drone  
  18  1:44  Queen  
  20  1:51  Drone  
  21  1:59  Drone  
  22  2:08  Drone  
  23  2:13  Roach Warren  
  22  2:16  Drone  
  22  2:21  Queen  
  25  2:35  Zergling x2  
  26  2:38  Drone  
  27  3:05  Queen  
  27  3:06  Drone x2  
  27  3:12  Drone x4  
  35  3:20  Drone  
  35  3:21  Overlord  
  35  3:22  Overlord  
  36  3:27  Extractor  
  35  3:35  Drone  
  35  3:40  Spine Crawler  
  35  3:46  Spine Crawler, Drone x3  
  37  3:51  Roach  
  37  3:52  Roach x2  
  43  4:05  Drone x4  
  43  4:07  Drone x2  
  49  4:10  Overlord  
  49  4:26  Overlord x3  
  49  4:40  Roach x5  
  59  4:55  Lair  
  59  4:59  Extractor  
  58  5:01  Extractor  
  55  5:43  Drone  
  55  5:44  Drone x5  
  57  6:02  Overseer  
  57  6:10  Roach  
  57  6:11  Roach x8  
  75  6:20  Hydralisk Den  
  75  6:25  Overseer  
  74  6:35  Glial Reconstitution  
  74  6:43  Drone x3, Evolution Chamber  
  74  6:44  Evolution Chamber  
  75  6:50  Drone x2  
  75  6:51  Drone x6  
  75  6:52  Overlord  
  83  7:07  Drone  
  84  7:09  Hatchery  
  84  7:13  Drone x3  
  86  7:24  Zerg Ground Armor Level 1, Zerg Missile Weapons Level 1  
  86  7:28  Drone x3  
  86  7:29  Drone  
  90  7:30  Drone x2  
  90  7:32  Overlord x2  
  92  7:56  Hydralisk  
  92  7:57  Hydralisk x7  
  108  8:13  Hatchery  
  100  8:21  Hydralisk x4  
  108  8:31  Hydralisk x2  
  112  8:40  Lair  
  111  8:59  Overlord  
  111  9:00  Overlord x3  
  111  9:07  Muscular Augments  
  111  9:17  Spawning Pool  
  110  9:25  Drone x3  
  113  9:35  Drone x3  
  76  10:07  Roach Warren  
  67  10:37  Queen  
  67  10:38  Drone x2  
  67  10:39  Drone  
  72  10:48  Queen  
  72  10:49  Drone x3  
  77  11:04  Hydralisk Den  
  76  11:14  Drone x2  
  76  11:18  Extractor  
  77  11:19  Extractor  
  76  11:28  Drone  
  77  11:41  Hydralisk x14  
  105  12:00  Spire  
  101  12:20  Roach x9  
  119  12:34  Roach  
  119  12:35  Roach x2  
  125  12:46  Overlord  
  54  13:22  Hydralisk  
  54  13:23  Hydralisk x8  
  44  13:50  Roach  
  44  13:51  Roach  
Show
View Real Time Build Order
Export as new Build Order

TimeTwist Terran - Winner!

Build Orders: Reaper Expand, MMM Bio 

Get SALT Encoding   

  12  0:01  SCV  
  13  0:14  Supply Depot  
  13  0:18  SCV  
  14  0:30  SCV  
  15  0:38  Barracks  
  15  0:42  SCV  
  16  0:47  Refinery  
  16  0:54  SCV  
  17  1:06  SCV  
  18  1:18  SCV  
  19  1:30  Reaper  
  20  1:36  Command Center  
  20  1:44  Orbital Command  
  20  1:52  Supply Depot  
  20  2:03  Marine  
  21  2:11  SCV  
  21  2:12  Refinery  
  22  2:18  Factory  
  22  2:23  SCV  
  22  2:24  Marine  
  24  2:35  SCV  
  25  2:41  Marine  
  26  2:55  SCV  
  26  2:56  SCV  
  29  3:15  Starport  
  29  3:18  Widow Mine  
  29  3:19  Orbital Command  
  29  3:23  Marine  
  30  3:36  Barracks  
  30  3:39  Barracks  
  30  3:43  Barracks  
  30  3:45  Barracks  
  30  3:46  Orbital Command, Supply Depot  
  30  3:51  SCV  
  30  3:52  Widow Mine  
  33  3:58  Medivac  
  35  4:03  SCV  
  35  4:04  Marine  
  37  4:14  SCV  
  38  4:22  Barracks Tech Lab  
  38  4:27  SCV  
  39  4:43  Widow Mine  
  39  4:45  Medivac  
  43  4:46  SCV x2  
  43  4:48  Engineering Bay  
  43  4:50  Combat Shields  
  43  4:52  Barracks Tech Lab  
  45  4:53  Marauder  
  45  4:55  Marine x3  
  45  4:58  SCV  
  51  5:11  Supply Depot  
  51  5:13  Marine, Supply Depot  
  52  5:31  SCV x2  
  52  5:43  SCV x2  
  54  5:50  Missile Turret  
  54  5:51  Refinery  
  54  5:52  Refinery  
  54  5:55  SCV x2  
  56  6:03  Marauder x2, Marine x3  
  63  6:05  Stimpack  
  63  6:06  Widow Mine  
  63  6:07  SCV  
  63  6:08  SCV  
  67  6:11  Missile Turret  
  67  6:21  Marine  
  66  6:31  Starport Reactor  
  66  6:35  Marauder x2  
  70  6:41  Terran Infantry Weapons Level 1  
  70  6:45  Engineering Bay  
  70  6:48  Supply Depot  
  70  6:55  Missile Turret  
  70  7:06  Factory Tech Lab  
  70  7:09  Marine x2  
  70  7:10  Marauder x2  
  70  7:12  Barracks Tech Lab  
  70  7:15  Medivac  
  78  7:17  Terran Infantry Armor Level 1  
  78  7:22  Armory  
  78  7:28  Supply Depot  
  78  7:31  Supply Depot  
  78  7:41  Supply Depot  
  78  7:46  Supply Depot  
  78  7:49  Marauder, SCV x2, Marine, Cyclone  
  86  7:52  Marine, Medivac x2  
  86  7:53  Marauder  
  86  7:55  Supply Depot  
  86  7:58  Supply Depot  
  93  8:01  SCV  
  93  8:02  SCV  
  93  8:03  Marauder  
  93  8:04  Supply Depot  
  97  8:07  Marine  
  97  8:10  Marine  
  97  8:11  Marauder  
  101  8:13  SCV, Marine  
  101  8:14  SCV  
  104  8:25  SCV  
  105  8:30  Command Center  
  105  8:45  Supply Depot  
  105  8:51  SCV x2  
  107  9:02  Terran Infantry Weapons Level 2  
  107  9:03  SCV x2  
  107  9:07  Viking, Supply Depot  
  107  9:08  Viking  
  113  9:10  Marauder x2  
  113  9:12  Marauder  
  119  9:22  Siege Tank  
  122  9:27  Factory  
  122  9:33  Supply Depot  
  122  9:43  Missile Turret  
  122  9:45  Orbital Command  
  98  10:28  Marauder x2, Marine x2  
  92  10:29  Marauder  
  92  10:30  Siege Tank  
  98  10:39  Medivac x2  
  102  10:42  Factory Tech Lab  
  102  10:46  Barracks, Marine  
  102  10:49  Barracks  
  103  10:54  Starport  
  103  10:57  Refinery  
  103  11:02  Siege Tank  
  103  11:03  Marauder x3, Marine  
  113  11:04  Marine  
  113  11:09  Siege Tank  
  117  11:15  SCV  
  118  11:19  Refinery  
  118  11:21  Marine  
  119  11:27  SCV  
  119  11:32  Marauder x3  
  126  11:33  Marine x2  
  126  11:35  Terran Infantry Armor Level 2  
  126  11:37  Terran Infantry Weapons Level 3  
  126  11:39  SCV, Marine, Starport Tech Lab  
  130  11:40  Medivac  
  130  11:41  Medivac  
  130  11:42  Siege Tank  
  130  11:44  Siege Tank  
  130  11:47  SCV x2  
  142  11:51  Marine x2  
  142  11:52  SCV  
  142  11:53  Missile Turret  
  142  11:54  Marauder  
  147  11:58  Missile Turret  
  147  11:59  SCV  
  148  12:02  Marauder  
  148  12:03  Marauder  
  148  12:04  Marine  
  153  12:12  Missile Turret  
  153  12:15  Marauder  
  155  12:22  Marine x3  
  156  12:23  Marine  
  156  12:24  Marauder x2  
  156  12:28  Raven  
  165  12:30  Viking x2  
  165  12:36  Marauder  
  171  12:40  Marine  
  172  12:51  Supply Depot  
  172  12:53  Supply Depot  
  172  12:54  Supply Depot  
  172  13:11  Viking x2  
  172  13:12  Raven  
  173  13:13  Marauder  
  172  13:37  Marauder x3, Marine x3  
  172  13:38  Marine  
  182  13:41  Viking x2  
  186  13:55  Raven, Marine  
  187  13:58  Marauder  
  193  14:03  Marauder x2, Marine x2  
  197  14:55  Marine  
  197  14:58  Marine x2  
  197  15:00  Marine x2  
  197  15:10  Command Center  
Show
View Real Time Build Order
Export as new Build Order

dallaskuken Protoss - Winner!

Build Orders: Nexus First 

Get SALT Encoding   

  12  0:02  Probe (Chrono Boost)  
  13  0:12  Probe (Chrono Boost)  
  14  0:23  Probe (Chrono Boost)  
  15  0:41  Pylon  
  15  0:59  Probe (Chrono Boost)  
  15  1:03  Nexus  
  16  1:10  Probe (Chrono Boost)  
  17  1:20  Probe (Chrono Boost)  
  17  1:22  Gateway  
  18  1:31  Probe (Chrono Boost)  
  19  1:41  Probe (Chrono Boost)  
  19  1:46  Pylon  
  20  1:52  Probe (Chrono Boost)  
  21  2:02  Probe (Chrono Boost)  
  21  2:05  Forge  
  22  2:09  Gateway  
  22  2:13  Probe (Chrono Boost)  
  23  2:19  Probe (Chrono Boost)  
  24  2:23  Probe (Chrono Boost)  
  24  2:28  Assimilator  
  24  2:29  Probe (Chrono Boost)  
  26  2:34  Probe (Chrono Boost)  
  27  2:40  Photon Cannon, Probe (Chrono Boost)  
  28  2:45  Photon Cannon, Probe (Chrono Boost)  
  28  2:47  Pylon  
  28  2:50  Probe (Chrono Boost)  
  30  2:57  Pylon  
  30  3:01  Probe (Chrono Boost)  
  30  3:03  Probe (Chrono Boost)  
  32  3:14  Probe (Chrono Boost)  
  32  3:19  Assimilator  
  33  3:22  Assimilator  
  33  3:23  Assimilator  
  33  3:24  Probe (Chrono Boost)  
  34  3:27  Cybernetics Core  
  34  3:35  Probe (Chrono Boost)  
  34  3:36  Pylon  
  34  3:40  Pylon  
  35  3:45  Probe (Chrono Boost)  
  36  3:49  Probe (Chrono Boost)  
  37  3:56  Probe (Chrono Boost)  
  37  4:00  Probe (Chrono Boost)  
  39  4:06  Probe (Chrono Boost)  
  40  4:11  Photon Cannon  
  40  4:12  Photon Cannon  
  40  4:15  Photon Cannon  
  40  4:17  Warp Gate, Photon Cannon  
  40  4:25  Stargate  
  40  4:28  Stargate  
  40  4:30  Probe (Chrono Boost)  
  41  4:34  Mothership Core (Chrono Boost)  
  43  4:41  Pylon  
  43  4:44  Pylon  
  43  4:48  Pylon  
  43  5:05  Photon Cannon  
  43  5:08  Photon Cannon  
  43  5:13  Photon Cannon  
  43  5:14  Void Ray x2  
  51  5:44  Pylon  
  51  5:57  Void Ray x2  
  59  6:17  Robotics Facility  
  59  6:30  Fleet Beacon  
  59  6:40  Void Ray  
  63  7:06  Observer  
  64  7:14  Carrier  
  70  7:37  Carrier  
  76  8:04  Pylon  
  76  8:05  Pylon  
  76  8:08  Pylon  
  76  8:38  Carrier  
  74  9:20  Carrier  
  68  9:53  Carrier  
  68  10:06  Protoss Air Weapons Level 1  
  74  10:33  Stargate  
  74  10:34  Nexus  
  74  10:35  Stargate  
  74  10:38  Stargate  
  74  10:44  Pylon  
  74  10:46  Pylon  
  74  10:48  Pylon  
  74  10:50  Assimilator  
  74  10:54  Assimilator  
  80  11:07  Carrier x2  
  80  11:12  Forge  
  80  11:14  Gateway  
  80  11:17  Gateway  
  80  11:20  Gateway  
  80  11:22  Carrier  
  98  11:31  Carrier  
  104  11:55  Photon Cannon  
  104  11:58  Photon Cannon  
  104  12:00  Photon Cannon, Protoss Air Armor Level 1  
  104  12:02  Photon Cannon  
  104  12:07  Photon Cannon  
  104  12:09  Photon Cannon  
  104  12:12  Photon Cannon  
  104  12:19  Carrier  
  104  12:21  Carrier  
  108  13:44  Carrier x2  
  108  13:55  Carrier  
Show
View Real Time Build Order
Export as new Build Order

Loken Zerg - Winner!

Build Orders: Pool First 

Get SALT Encoding   

  12  0:01  Drone  
  13  0:12  Overlord  
  13  0:21  Drone  
  14  0:33  Drone x2  
  16  0:36  Drone  
  17  0:50  Spawning Pool  
  17  0:52  Drone  
  17  1:02  Drone  
  18  1:17  Hatchery  
  17  1:19  Drone  
  17  1:25  Overlord  
  18  1:31  Drone  
  19  1:37  Queen  
  21  1:41  Drone  
  22  1:52  Extractor  
  21  1:54  Zergling x2  
  21  2:00  Zergling x2  
  23  2:09  Extractor  
  23  2:12  Drone  
  23  2:40  Queen, Drone x2  
  23  2:42  Queen  
  29  2:44  Drone  
  29  2:45  Drone  
  30  3:00  Drone  
  30  3:01  Drone x2  
  32  3:15  Metabolic Boost  
  32  3:25  Spine Crawler  
  31  3:29  Spine Crawler  
  31  3:30  Drone  
  31  3:31  Drone x4  
  35  3:34  Overlord x2  
  35  3:45  Hatchery  
  34  3:54  Drone  
  34  3:55  Drone x5  
  40  4:06  Roach Warren  
  39  4:16  Spore Crawler  
  38  4:18  Spore Crawler  
  38  4:21  Drone  
  38  4:22  Drone x3  
  41  4:36  Zergling x6  
  41  4:37  Zergling x10  
  49  5:03  Drone x9  
  58  5:13  Lair  
  58  5:15  Overlord  
  58  5:16  Overlord x3  
  58  5:35  Roach x6  
  70  5:57  Roach  
  70  5:58  Roach x9  
  82  6:14  Glial Reconstitution  
  82  6:23  Spore Crawler  
  81  6:30  Extractor  
  81  6:32  Drone  
  81  6:33  Drone x9  
  81  6:34  Extractor  
  81  6:36  Overlord x3  
  89  6:45  Extractor  
  88  6:48  Extractor  
  87  7:05  Zergling x2  
  87  7:06  Zergling x20  
  98  7:19  Drone  
  98  7:20  Drone x9  
  108  7:27  Spire, Spore Crawler  
  106  7:32  Spore Crawler  
  106  7:34  Roach x4  
  106  7:36  Overlord x2  
  113  8:29  Evolution Chamber  
  113  8:32  Evolution Chamber  
  111  8:35  Infestation Pit  
  111  8:38  Mutalisk  
  111  8:39  Mutalisk x9  
  130  8:42  Overlord  
  130  8:43  Overlord x4  
  130  8:50  Hatchery  
  129  9:09  Mutalisk x4  
  131  9:10  Mutalisk x6  
  149  9:40  Mutalisk  
  149  9:41  Mutalisk x8  
  149  9:44  Overlord x8  
  167  9:49  Hive  
  96  10:49  Mutalisk x3  
  98  10:50  Mutalisk x7  
  116  11:27  Zerg Flyer Weapons Level 1  
  116  11:29  Zerg Melee Weapons Level 1, Zerg Ground Armor Level 1  
  116  11:32  Adrenal Glands  
  116  11:53  Zergling x20  
  116  11:54  Zergling x16  
  132  12:37  Mutalisk  
  132  12:38  Mutalisk x11  
  133  14:03  Mutalisk  
  133  14:04  Mutalisk x8  
  133  14:05  Mutalisk x5  
Tags
 
Add a new tag
Caveats
  • Supply blocks, unpowered buildings, or Contaminate may cause inaccurate times.
  • Supply counts are checked every 10 seconds.